 Dungeon Crawl Stone Soup version 0.27-a0-1191-g601b473118 (webtiles) character file.

Game seed: 4831513164163258559

2573 shoop the Grappler (level 9, -3/88 HPs)
             Began as a Troll Hunter on May 23, 2021.
             Was a Follower of Dithmenos.
             Slain by a hornet (6 damage)
             ... while paralysed by a hornet
             ... on level 7 of the Dungeon.
             The game lasted 00:09:12 (5138 turns).

shoop the Grappler (Troll Hunter)                   Turns: 5138, Time: 00:09:12

Health: -3/88      AC:  7    Str: 24    XL:     9   Next: 32%
Magic:  8/8        EV:  1    Int:  7    God:    Dithmenos [*.....]
Gold:   377        SH:  0    Dex: 11    Spells: 8/8 levels left

rFire    . . .     SeeInvis .     - Unarmed
rCold    + . .     Faith    .   (no shield)
rNeg     . . .     Spirit   .   v - +0 robe {rC+}
rPois    .         Reflect  .   (helmet restricted)
rElec    .         Harm     .   l - +2 cloak
rCorr    .         Rampage  .   (gloves unavailable)
Will     .....                  (boots unavailable)
Stlth    +.........             (no amulet)
HPRegen  1.24/turn              (no ring)
MPRegen  0.11/turn              (no ring)

@: paralysed, lethally poisoned (-3 -> -11), slowed, wreathed by umbra
A: large, unfitting armour, claws 3, regeneration 1, shaggy fur 1, tough skin 1
a: Renounce Religion


You were on level 7 of the Dungeon.
You worshipped Dithmenos.
Dithmenos was aware of your devotion.
You visited 2 branches of the dungeon, and saw 8 of its levels.

You collected 410 gold pieces.
You spent 33 gold pieces at shops.

Inventory:

Hand Weapons
 x - the +6 hand axe "Kozxeep" {freeze, *Slow rElec rC+}
   (You found it on level 7 of the Dungeon)

   It has been specially enchanted to freeze those struck by it, causing extra
   injury to most foes and up to half again as much damage against particularly
   susceptible opponents.
   It can also slow down cold-blooded creatures.
   It protects you from cold.
   It insulates you from electricity.
   It may slow you when you take damage.
Missiles
 c - 5 large rocks
 d - a throwing net
 f - 5 boomerangs (quivered)
 k - 7 javelins
 r - 16 poisoned darts
Armour
 b - a +0 robe
 l - a +2 cloak (worn)
 v - a +0 robe of cold resistance (worn)
Jewellery
 u - a +6 ring of intelligence
Wands
 i - a wand of iceblast (7)
 s - a wand of mindburst (17)
Scrolls
 a - a scroll of fog
 n - 2 scrolls of teleportation {unknown}
 p - 3 scrolls of magic mapping {unknown}
 t - a scroll of amnesia {unknown}
Potions
 e - a potion of magic
 g - a potion of attraction
 h - a potion of brilliance
 j - 3 potions of curing
 m - a potion of cancellation
 o - 3 potions of flight {unknown}
 q - a potion of haste {unknown}
 w - 2 potions of heal wounds {unknown}
 z - a potion of might {unknown}


   Skills:
 + Level 5.3 Fighting
 + Level 6.5 Throwing
 - Level 1.5 Dodging
 - Level 0.3 Stealth
 * Level 8.3 Unarmed Combat
 - Level 3.0 Evocations


You had 8 spell levels left.
You didn't know any spells.
Your spell library was empty.

Dungeon Overview and Level Annotations

Branches:
Dungeon (7/15)             Temple (1/1) D:4

Altars:
Ashenzari
Cheibriados
Dithmenos
Elyvilon
Fedhas
Gozag
Hepliaklqana
Kikubaaqudgha
Okawaru
Ru
Sif Muna
Trog
Uskayaw
Vehumet
Wu Jian
Xom
Yredelemnul
Zin
The Shining One

Shops:
D:1 *


Innate Abilities, Weirdness & Mutations

You are too large for most types of armour.
You have claws for hands.
Your natural rate of healing is unusually fast.
You are covered in fur. (AC +1)
You have tough skin. (AC +1)


Message History

The hornet closely misses you.
The hornet stings you but does no damage.
You closely miss the hornet. You claw the hornet!
The hornet is heavily wounded.
You feel yourself speed up.
You feel very sick. The hornet stings you.
You feel yourself slow down. The hornet stings you.
You are more poisoned.
You feel as though you will be slow longer.
You claw the hornet!
The hornet is almost dead.
You feel very sick.
The hornet stings you but does no damage.
The hornet stings you.
You feel as though you will be slow longer.
You scratch the hornet. Your claw misses the hornet.
The hornet is almost dead.
You feel very sick. The hornet stings you.
You feel as though you will be slow longer.
The hornet stings you!
You are more poisoned.
You feel as though you will be slow longer.
You barely miss the hornet.
The hornet is almost dead.
You feel very sick. The hornet stings you!
* * * LOW HITPOINT WARNING * * *
You are lethally poisoned!
You suddenly lose the ability to move!
The hornet stings you but does no damage.
* * * LOW HITPOINT WARNING * * *
You feel extremely sick. The hornet stings you.
* * * LOW HITPOINT WARNING * * *
You feel as though you will be slow longer.
* * * LOW HITPOINT WARNING * * *
You feel very sick. The hornet stings you.
You die...

.## ...# ##########.#
##.. ........##.## #
#... ....)......<. #.
#..# #######.##.##
.##..#$.# #.##.##
...<....# #.##.#
###..##.# #.##.# # #y#
#.##.# # #@# #.##.#
#..##.###### #.##.#
#..........#####.##.#
.....##...............#
#### #################


You could see a hornet.

Vanquished Creatures
  Prince Ribbit (D:6)
  A hornet (D:7)
  2 wyverns (D:7)
  A water moccasin (D:7)
  2 ice beasts
  A black bear (D:6)
  A sky beast (D:6)
  A necrophage (D:7)
  2 ogres
  A centaur (D:6)
  A phantom (D:7)
  A scorpion (D:7)
  4 wights
  2 howler monkeys (D:6)
  2 hounds
  A bullfrog zombie (D:6)
  A centaur zombie (D:6)
  A jelly (D:7)
  Crazy Yiuf (D:6)
  An orc priest (D:7)
  A centaur skeleton (D:5)
  A gnoll shaman (D:6)
  Natasha (twice) (D:2)
  An iguana (D:4)
  3 orc wizards (D:5)
  Terence (D:3)
  A hound skeleton (D:4)
  7 gnolls
  5 adders
  4 shadow imps
  2 ufetubi
  3 worms
  17 orcs
  4 ball pythons
  10 bats
  6 endoplasms
  A giant cockroach (D:4)
  5 goblins
  4 hobgoblins
  4 jackals (D:4)
  3 quokkas
  4 frilled lizards
  7 kobolds
  8 rats
132 creatures vanquished.

Notes
Turn   | Place    | Note
-------+----------+-------------------------------------------
     0 | D:1      | shoop the Troll Hunter began the quest for the Orb.
     0 | D:1      | Reached XP level 1. HP: 19/19 MP: 0/0
    55 | D:1      | Reached skill level 1 in Unarmed Combat
    72 | D:1      | Reached XP level 2. HP: 26/28 MP: 1/1
   160 | D:1      | Found Imy Mask's General Store.
   328 | D:1      | Found a faded altar of an unknown god.
   600 | D:2      | Reached XP level 3. HP: 35/35 MP: 2/2
   905 | D:2      | Noticed Natasha
   914 | D:2      | Killed Natasha
   915 | D:2      | Reached skill level 2 in Unarmed Combat
   961 | D:2      | Reached XP level 4. HP: 37/42 MP: 3/3
   997 | D:2      | Noticed Natasha
  1237 | D:2      | Killed Natasha
  1368 | D:1      | Bought a scroll of noise for 11 gold pieces
  1368 | D:1      | Bought a scroll of identify for 22 gold pieces
  1612 | D:3      | Noticed Terence
  1620 | D:3      | Killed Terence
  2139 | D:4      | Reached skill level 3 in Unarmed Combat
  2139 | D:4      | Reached skill level 1 in Evocations
  2139 | D:4      | Reached XP level 5. HP: 50/50 MP: 4/4
  2309 | D:4      | Found a staircase to the Ecumenical Temple.
  2344 | Temple   | Entered the Ecumenical Temple
  2441 | Temple   | Became a worshipper of Dithmenos the Shadowed
  2878 | D:5      | Entered Level 5 of the Dungeon
  2935 | D:5      | Noticed an ice beast
  2941 | D:5      | Killed an ice beast
  2942 | D:5      | Reached skill level 4 in Unarmed Combat
  2942 | D:5      | Reached XP level 6. HP: 47/59 MP: 5/5
  3207 | D:5      | Found a sacrificial altar of Ru.
  3296 | D:5      | Reached * piety under Dithmenos
  3565 | D:5      | Reached XP level 7. HP: 63/67 MP: 6/6
  3645 | D:6      | Reached skill level 5 in Unarmed Combat
  3651 | D:6      | Reached skill level 5 in Throwing
  3771 | D:6      | Reached XP level 8. HP: 78/78 MP: 7/7
  3798 | D:6      | Reached skill level 6 in Unarmed Combat
  3884 | D:6      | Noticed Prince Ribbit
  3904 | D:6      | Killed Prince Ribbit
  4123 | D:6      | Identified the +5 short sword of War {vorpal, rPois Will++}
  4279 | D:6      | Found a runed translucent door.
  4279 | D:6      | Noticed Crazy Yiuf
  4288 | D:6      | Killed Crazy Yiuf
  4411 | D:7      | Reached skill level 7 in Unarmed Combat
  4420 | D:7      | Noticed a hornet
  4430 | D:7      | Killed a hornet
  4570 | D:7      | Reached XP level 9. HP: 10/87 MP: 8/8
  4571 | D:7      | Reached skill level 5 in Fighting
  4647 | D:7      | Identified the +6 hand axe "Kozxeep" {freeze, *Slow rElec
                  | rC+}
  4833 | D:7      | Reached skill level 8 in Unarmed Combat
  4936 | D:7      | Found a hide-covered altar of Uskayaw.
  5136 | D:7      | Paralysed by a hornet for 3 turns
  5138 | D:7      | HP: 3/88 [poisoned by a hornet]
  5138 | D:7      | Slain by a hornet

Illustrated notes

Levels and vault maps discovered:
D:1:      psy_arrival_conway, layout_basic, serial_shops, nicolae_shop_trees,
          basic_ecumenical_altar
D:2:      layout_loops_cross, uniq_natasha
D:3:      layout_basic, kennysheep_generic_room_8, uniq_terence
D:4:      layout_cave_pools, minmay_temple_entry_tees
D:5:      layout_basic, kennysheep_mini_moat
D:6:      wander_river, layout_cave_pools, kennysheep_generic_room_12,
          uniq_prince_ribbit1, uniq_crazy_yiuf_cottage
D:7:      layout_loops_ring, overflow_temple_1_default
Temple:   minmay_temple_bridge_d

Skill      XL: |  1  2  3  4  5  6  7  8  9 |
---------------+----------------------------+-----
Unarmed Combat | 1 2 3 4 5 7 8 |  8.3
Fighting       | 2 3 4 5 |  5.3
Throwing       | 4 5 6 |  6.5
Evocations     | 1 2 3 |  3.0
Dodging        | |  1.5
Stealth        | |  0.3

Action                   |  1- 3 |  4- 6 |  7- 9 || total
-------------------------+-------+-------+-------++-------
Melee: Unarmed           |    84 |   212 |   191 ||   487
       Punch             |       |     3 |     6 ||     9
Throw: Boomerang         |       |     1 |     5 ||     6
       Dart              |       |       |     7 ||     7
       Throwing net      |       |       |     2 ||     2
Evoke: Wand              |       |       |     1 ||     1
  Use: Scroll            |       |     5 |     1 ||     6
 Stab: Sleeping          |       |     1 |     1 ||     2
       Held in net/web   |       |       |     1 ||     1
Armor: Robe              |    56 |   138 |    59 ||   253
Dodge: Dodged            |    49 |   117 |    88 ||   254

Table legend: (Time is in decaauts)
 A = Elapsed time spent in this place.
 B = Non-inter-level travel time spent in this place.
 C = Inter-level travel time spent in this place.
 D = Time resting spent in this place.
 E = Time spent auto-exploring this place.
 F = Levels seen in this place.
 G = Mean time per level.
                   A        B        C        D        E       F      G
               +--------+--------+--------+--------+--------+-----+--------+
         Total |   5126 |   4815 |    311 |    110 |   3722 |   8 |  640.8 |
       Dungeon |   4959 |   4718 |    241 |    110 |   3647 |   7 |  708.4 |
        Temple |    167 |     97 |     70 |      0 |     75 |   1 |  167.0 |
               +--------+--------+--------+--------+--------+-----+--------+

Top non-repeatable levels by time:
     D:2: 789 daAuts
     D:6: 785 daAuts
     D:5: 741 daAuts
     D:3: 729 daAuts
     D:7: 726 daAuts
     D:1: 607 daAuts
     D:4: 580 daAuts
  Temple: 167 daAuts
